 Dungeon Crawl Stone Soup version 0.26-a0-663-g36e8fdb655 (webtiles) character file.

Game seed: 15479358611896381622

18501 marklar909 the Basher (level 12, -11/94 HPs)
             Began as a Formicid Monk on Oct 12, 2020.
             Was an Elder of Makhleb.
             Mangled by a boulder beetle (37 damage)
             ... on level 12 of the Dungeon.
             The game lasted 00:28:56 (15265 turns).

marklar909 the Basher (Formicid Monk)              Turns: 15265, Time: 00:28:57

Health: -11/94     AC:  7    Str: 19    XL:     12   Next: 95%
Magic:  11/18      EV: 14    Int: 11    God:    Makhleb [****..]
Gold:   596        SH: 22    Dex: 14    Spells: 11/11 levels left

rFire    . . .     SeeInvis +   z - +4 morningstar (holy)
rCold    . . .     Faith    .   F - +0 tower shield
rNeg     + . .     Spirit   .   g - +2 leather armour {rPois}
rPois    +         Reflect  +   (helmet unavailable)
rElec    .         Harm     .   G - +0 cloak
rCorr    .         Rampage  .   (no gloves)
MR       +....                  (no boots)
Stlth    +++.......             q - amulet of reflection
HPRegen  0.25/turn              j - ring of positive energy
MPRegen  0.16/turn              (no ring)

@: no status effects
A: permanent stasis, dig shafts and tunnels, four strong arms, antennae 3
a: Dig, Shaft Self, Minor Destruction, Lesser Servant of Makhleb, Major
Destruction, Renounce Religion


You were on level 12 of the Dungeon.
You worshipped Makhleb.
Makhleb was greatly pleased with you.
You visited 2 branches of the dungeon, and saw 13 of its levels.
You also visited: Sewer.

You collected 680 gold pieces.
You spent 84 gold pieces at shops.

Inventory:

Hand Weapons
 z - a +4 morningstar of holy wrath (weapon)
Missiles
 d - 166 bolts
 l - 2 poisoned darts (quivered)
Armour
 g - a +2 leather armour of poison resistance (worn)
 A - +0 steam dragon scales
 F - a +0 tower shield (worn)
 G - a +0 cloak (worn)
Jewellery
 j - a ring of positive energy (left hand)
 q - an amulet of reflection (around neck)
 E - a +4 ring of evasion
Wands
 f - a wand of paralysis (8)
 h - a wand of flame (11)
 m - a wand of iceblast (18)
Scrolls
 k - a scroll of fog
 n - 3 scrolls of identify
 o - a scroll of amnesia
 s - 4 scrolls of fear
 t - 2 scrolls of immolation
 u - a scroll of enchant weapon
 y - 2 scrolls of remove curse
 C - 2 scrolls of magic mapping
Potions
 a - a potion of stabbing {unknown}
 b - 3 potions of magic
 c - 7 potions of heal wounds
 e - 8 potions of curing
 i - 3 potions of lignification
 p - 2 potions of brilliance
 r - 4 potions of flight
 v - a potion of haste
 w - a potion of cancellation
 B - a potion of invisibility
 D - a potion of might


   Skills:
 * Level 8.8 Fighting
 + Level 11.1 Maces & Flails
 + Level 3.3 Throwing
 * Level 6.4 Armour
 * Level 7.3 Dodging
 + Level 7.0 Stealth
 * Level 9.2 Shields
 + Level 9.1 Invocations
 + Level 2.0 Evocations


You had 11 spell levels left.
You didn't know any spells.
Your spell library contained the following spells:

 Spells                   Type           Power        Failure   Level
 Freeze                   Ice            #...         82%         1
 Sting                    Tmut/Pois      #...         82%         1
 Poisonous Vapours        Pois/Air       #.....       91%         2
 Confusing Touch          Hex            #.......     99%         3
 Frozen Ramparts          Ice            #.....       99%         3
 Gell's Gravitas          Tloc           #.........   99%         3
 Ignite Poison            Fire/Tmut/Pois #.......     99%         3
 Mephitic Cloud           Conj/Pois/Air  #.......     99%         3
 Ozocubu's Armour         Ice            #.......     99%         3
 Hailstorm                Conj/Ice       #.......     100%        4
 Olgreb's Toxic Radiance  Pois           #.......     100%        4
 Petrify                  Tmut/Erth      #.......     100%        4
 Summon Ice Beast         Ice/Summ       #.......     100%        4
 Fireball                 Conj/Fire      #.........   100%        5
 Metabolic Englaciation   Hex/Ice        #.........   100%        5
 Yara's Violent Unravell  Hex/Tmut       #.........   100%        5
 Starburst                Conj/Fire      #.........   100%        6
 Ignition                 Fire           #.........   100%        8


Dungeon Overview and Level Annotations

Branches:
Dungeon (12/15)            Temple (1/1) D:6            Lair (0/6) D:11
    Orc (0/2) D:11          Sewer (visited)

Altars:
Ashenzari
Cheibriados
Dithmenos
Elyvilon
Fedhas
Gozag
Hepliaklqana
Kikubaaqudgha
Makhleb
Nemelex Xobeh
Okawaru
Qazlal
Ru
Sif Muna
Trog
Uskayaw
Vehumet
Wu Jian
Xom
Zin
The Shining One

Shops:
D:5 =?((=

Annotations:
D:3 1 runed translucent door, CowFu's ghost, amateur DrFi
D:4 2 runed translucent doors, flotson's ghost, weakling DsDe
D:9 2 transporters, Foxy's ghost, novice HuGl
D:12 Psyche


Innate Abilities, Weirdness & Mutations

You cannot be hasted, slowed, berserked, paralysed or teleported.
You can dig through walls and to a lower floor.
Your four strong arms can wield two-handed weapons with a shield.
You have a pair of large antennae on your head. (SInv)


Message History

Press: ? - help, Shift-Dir - straight line, f - Psyche
Aim: Psyche, wielding a +0 dagger of chaos, wearing a +0 robe and carrying a wand of iceblast (7) (fast, slightly transparent) Psyche barely resists.
Psyche is no longer moving quickly.
Psyche zaps a wand.
The mass of ice explodes!
The iceblast engulfs you! The steam dragon breathes steam at you.
The ball of steam hits the shadow.
The ball of steam hits Psyche!!
The ball of steam misses you.
Psyche is engulfed in a cloud of scalding steam.
Unknown command.
Unknown command.
You closely miss Psyche.
Psyche is severely wounded.
You are engulfed in a cloud of scalding steam.
* * * LOW HITPOINT WARNING * * *
Unknown command.
You hit the boulder beetle.
The boulder beetle is almost dead.
You are engulfed in a cloud of scalding steam.
The boulder beetle looks more healthy.
The boulder beetle hits you!!!
You die...

#.### #.#..
##.#.# ....# .#
.... .# ..###.#
#.....#
#####G....###.
#ยง@B@W{.......
#.###D....###
#. ##S...### #.
##.....# #.
#{.>..# ..
#.....# .#
#.....# .
#.....# #
####.###.#..


You could see a boulder beetle, Psyche, an eye of draining, a steam dragon and a
shadow (invisible).

Vanquished Creatures
  Erolcha (D:11)
  Harold (D:7)
  Erica (D:8)
  4 two-headed ogres
  2 unseen horrors (D:11)
  Maurice (D:10)
  An ugly thing (D:11)
  Maggie (D:7)
  A centaur skeleton (D:10)
  A hornet (D:12)
  A shadow (D:11)
  4 wyverns
  A basilisk (D:11)
  A wraith (D:6)
  11 yaks
  2 steam dragons
  A soldier ant (D:11)
  2 insubstantial wisps (D:8)
  An acid dragon (D:11)
  Duvessa (D:7)
  3 water moccasins
  2 black bears
  6 orc warriors
  4 ice beasts
  6 sky beasts
  3 phantoms
  5 ogres
  14 centaurs
  A big kobold (Sewer)
  8 bullfrogs
  Dowan (D:7)
  A wyvern skeleton (D:11)
  5 scorpions
  5 wights (D:9)
  6 howler monkeys
  A centaur zombie (D:6)
  2 bullfrog zombies (D:5)
  3 orc priests
  12 hounds
  8 jellies
  5 orc wizards
  4 bullfrog skeletons
  6 worker ants
  6 iguanas
  3 hound skeletons
  2 hound zombies (D:5)
  5 gnolls
  2 howler monkey skeletons (D:5)
  5 adders
  2 river rats (Sewer)
  2 shadow imps
  4 white imps
  2 ufetubi
  5 adder skeletons
  An adder zombie (D:5)
  3 worms
  2 dart slugs
  12 leopard geckos
  44 orcs
  12 giant cockroaches
  7 goblins
  5 hobgoblins
  7 jackals
  10 kobolds
  4 quokkas
  A ball python (D:1)
  A ball python skeleton (D:4)
  6 bats
  6 frilled lizards
  A giant cockroach zombie (D:5)
  2 jackal zombies (D:5)
  A leopard gecko skeleton (D:6)
  A leopard gecko zombie (D:5)
  2 quokka skeletons (D:6)
  A quokka zombie (D:5)
  11 rats
328 creatures vanquished.

Vanquished Creatures (collateral kills)
  Snorg (D:10)
  Nergalle (D:11)
  An ugly thing (D:11)
  A yak (D:10)
  A centaur (D:11)
  A big kobold (D:11)
  A bullfrog skeleton (D:10)
  An orc priest (D:10)
  A kobold (D:11)
9 creatures vanquished.

Vanquished Creatures (others)
  An orc wizard (D:10)
  3 fungi (D:11)
  15 plants (D:11)
19 creatures vanquished.

Grand Total: 356 creatures vanquished

Notes
Turn   | Place    | Note
-------+----------+-------------------------------------------
     0 | D:1      | marklar909 the Formicid Monk began the quest for the Orb.
     0 | D:1      | Reached XP level 1. HP: 18/18 MP: 1/1
    61 | D:1      | Reached XP level 2. HP: 24/24 MP: 2/2
   318 | D:1      | Reached XP level 3. HP: 7/29 MP: 3/3
   853 | D:2      | Found a shimmering altar of Xom.
   853 | D:2      | Found a shimmering altar of Xom.
   853 | D:2      | Found a shimmering altar of Xom.
  1488 | D:3      | Reached XP level 4. HP: 30/36 MP: 4/4
  1539 | D:3      | Found a snail-covered altar of Cheibriados.
  1564 | D:3      | Reached skill level 1 in Armour
  1848 | D:3      | Found a runed translucent door.
  1850 | D:3      | Noticed CowFu's ghost (amateur DrFi)
  2003 | D:3      | Reached skill level 4 in Maces & Flails
  2061 | D:3      | Found a glowing drain.
  2089 | Sewer    | Entered a sewer
  2112 | Sewer    | Reached XP level 5. HP: 27/42 MP: 5/5
  2261 | Sewer    | Noticed a big kobold
  2311 | Sewer    | Killed a big kobold
  2386 | Sewer    | Found a white marble altar of Elyvilon.
  2525 | D:3      | Reached XP level 6. HP: 42/48 MP: 6/6
  2622 | D:3      | Noticed a phantom
  2624 | D:3      | Found a broken altar of Ashenzari.
  2649 | D:3      | Killed a phantom
  2649 | D:3      | Reached skill level 1 in Throwing
  3583 | D:4      | Reached XP level 7. HP: 22/54 MP: 7/7
  4128 | D:4      | Reached skill level 5 in Maces & Flails
  4471 | D:4      | Found a large runed translucent door.
  4571 | D:4      | Found a large runed translucent door.
  4574 | D:4      | Noticed flotson's ghost (weakling DsDe)
  4889 | D:5      | Entered Level 5 of the Dungeon
  4908 | D:5      | Found Xuolygyrot's Magic Scroll Boutique.
  4934 | D:5      | Reached XP level 8. HP: 41/61 MP: 8/8
  5075 | D:5      | Bought a scroll of identify for 28 gold pieces
  5075 | D:5      | Bought a scroll of identify for 28 gold pieces
  5075 | D:5      | Bought a scroll of identify for 28 gold pieces
  5129 | D:5      | Reached skill level 6 in Maces & Flails
  5173 | D:5      | Found Jicanev's Jewellery Boutique.
  5420 | D:5      | Found Istriac's Antique Weapon Boutique.
  5420 | D:5      | Found a sparkling altar of Nemelex Xobeh.
  5640 | D:5      | Reached skill level 5 in Fighting
  5689 | D:5      | Reached skill level 1 in Shields
  5982 | D:5      | Found Cotreen's Jewellery Boutique.
  6134 | D:5      | Found a stormy altar of Qazlal.
  6180 | D:5      | Found Uxeg's Antique Weapon Boutique.
  6290 | D:6      | Reached skill level 7 in Maces & Flails
  6414 | D:6      | Got a translucent leather armour
  6503 | D:6      | Found a staircase to the Ecumenical Temple.
  6976 | D:6      | Reached XP level 9. HP: 47/68 MP: 9/9
  7594 | D:6      | Reached skill level 8 in Maces & Flails
  8270 | Temple   | Entered the Ecumenical Temple
  8361 | Temple   | Became a worshipper of Makhleb the Destroyer
  8361 | Temple   | Reached * piety under Makhleb
  8361 | Temple   | Reached ** piety under Makhleb
  8392 | D:7      | Noticed Maggie
  8415 | D:6      | Reached skill level 5 in Dodging
  8465 | D:7      | Killed Maggie
  8465 | D:7      | Reached skill level 1 in Invocations
  8478 | D:7      | Noticed Harold
  8492 | D:7      | Killed Harold
  8492 | D:7      | Reached skill level 5 in Stealth
  8492 | D:7      | Reached skill level 1 in Evocations
  8492 | D:7      | Reached XP level 10. HP: 77/77 MP: 10/12
  8653 | D:7      | Found a shadowy altar of Dithmenos.
  8659 | D:7      | Noticed Duvessa
  8659 | D:7      | Noticed Dowan
  8675 | D:7      | Killed Duvessa
  8677 | D:7      | Killed Dowan
  8803 | D:7      | Found a shimmering blue altar of Sif Muna.
  9176 | D:8      | Noticed Erica
  9181 | D:8      | Killed Erica
  9181 | D:8      | Reached skill level 9 in Maces & Flails
  9181 | D:8      | Reached skill level 5 in Shields
 10080 | D:8      | Found a white marble altar of Elyvilon.
 10359 | D:8      | Reached skill level 5 in Invocations
 10435 | D:8      | Found a sacrificial altar of Ru.
 10438 | D:8      | Found a glowing golden altar of the Shining One.
 10443 | D:8      | Found an opulent altar of Gozag.
 10479 | D:8      | Reached XP level 11. HP: 72/83 MP: 14/14
 10736 | D:8      | Reached *** piety under Makhleb
 10878 | D:9      | Noticed a two-headed ogre
 10886 | D:9      | Killed a two-headed ogre
 11419 | D:9      | Found a transporter.
 11633 | D:9      | Reached skill level 10 in Maces & Flails
 11796 | D:9      | Noticed Foxy's ghost (novice HuGl)
 11796 | D:9      | Noticed a centaur warrior
 11797 | D:9      | Found a transporter.
 12070 | D:10     | Entered Level 10 of the Dungeon
 12073 | D:10     | Noticed Snorg
 12236 | D:10     | Noticed Maurice
 12402 | D:10     | Killed Snorg
 12475 | D:10     | Reached skill level 5 in Armour
 12559 | D:10     | Noticed a two-headed ogre
 12579 | D:10     | Killed a two-headed ogre
 12830 | D:10     | Killed Maurice
 13083 | D:11     | Found a staircase to the Lair.
 13084 | D:11     | Noticed a cyan ugly thing
 13106 | D:11     | Reached **** piety under Makhleb
 13128 | D:11     | Reached XP level 12. HP: 39/91 MP: 18/18
 13213 | D:11     | Noticed an unseen horror
 13225 | D:11     | Killed an unseen horror
 13474 | D:11     | HP: 4/93 [cyan ugly thing (15)]
 13868 | D:10     | Identified the +2 leather armour of the Chupacabra {Int+4}
                  | (You found it on level 6 of the Dungeon)
 13946 | D:11     | Noticed Erolcha
 14224 | D:11     | Noticed Nergalle
 14239 | D:11     | Killed Nergalle
 14391 | D:11     | Killed Erolcha
 14642 | D:11     | Noticed an unseen horror
 14665 | D:11     | Killed an unseen horror
 14941 | D:11     | Noticed a two-headed ogre
 14961 | D:11     | Killed a two-headed ogre
 15122 | D:11     | Found a staircase to the Orcish Mines.
 15213 | D:12     | Noticed a boulder beetle
 15223 | D:12     | Noticed a two-headed ogre
 15227 | D:12     | Noticed Psyche
 15245 | D:12     | Reached skill level 11 in Maces & Flails
 15252 | D:12     | Killed a two-headed ogre
 15265 | D:12     | Mangled by a boulder beetle

Illustrated notes

Levels and vault maps discovered:
D:1:      saegor_arrival_simple_a, layout_rooms, kennysheep_pointless_box,
          chequers_serial_rivers_small_a
D:2:      layout_rooms, xom_redecorated
D:3:      layout_rooms, ashenzari_altar_1, lemuel_crystal_altar,
          ebering_ghost_reflecting_pool, portal_sewer_entry_f
D:4:      layout_rooms, ebering_ghost_disaster_area, solitary_fountain,
          minmay_fractal_squares_5
D:5:      layout_rooms, nemelex_xobeh_ov_fountains_minmay, lemuel_doored_altar,
          serial_shops, shop, kennysheep_mini, nicolae_shop_trees, shop, shop,
          serial_undead, serial_undead_b, serial_undead_c, serial_undead_b,
          serial_undead_d, serial_undead_a, serial_undead_f, minmay_bent
D:6:      kennysheep_windowed_halls, layout_loops_corners,
          minmay_temple_entry_water_ring
D:7:      layout_basic, led_sif_pool, grunt_dithmenos_smoke_and_mirrors,
          uniq_maggie, uniq_duvessa, uniq_harold
D:8:      layout_basic, lemuel_round_altar, grunt_temple_overflow_diamond,
          st_stairs_5, hangedman_misty_isle, uniq_erica
D:9:      layout_stronghold, gammafunk_ghost_arena
D:10:     layout_big_octagon, kennysheep_potato, uniq_maurice, uniq_snorg
D:11:     layout_long_grid, minmay_lair_entry_grove, orc_0_dummy, uniq_erolcha,
          uniq_nergalle
D:12:     layout_loops_ring, gauntlet_entry_generic,
          chequers_serial_rivers_small_b, david_defended_altar_orc,
          uniq_jorgrun, uniq_psyche
Temple:   hc_temple_tempest_star

Skill      XL: |  1  2  3  4  5  6  7  8  9 10 11 12 |
---------------+-------------------------------------+-----
Dodging        | 3 4 5 6 7 |  7.3
Armour         | 1 2 3 4 5 6 |  6.4
Maces & Flails | 4 5 7 8 9 10 11 | 11.1
Stealth        | 3 4 5 6 7 |  7.0
Fighting       | 4 5 6 7 8 |  8.8
Throwing       | 1 2 3 |  3.3
Shields        | 2 4 5 7 9 |  9.2
Invocations    | 3 5 8 9 |  9.1
Evocations     | 1 2 |  2.0

Action                   |  1- 3 |  4- 6 |  7- 9 | 10-12 || total
-------------------------+-------+-------+-------+-------++-------
Melee: Mace              |   107 |   199 |       |       ||   306
       Flail             |       |    12 |   418 |       ||   430
       Morningstar       |       |       |       |   502 ||   502
       Unarmed           |       |       |       |     2 ||     2
Throw: Dart              |       |    31 |    47 |     6 ||    84
Invok: Minor Destruction |       |       |       |   151 ||   151
       Lesser Servant of |       |       |       |     8 ||     8
       Major Destruction |       |       |       |     5 ||     5
 Abil: Dig               |     1 |       |       |     2 ||     3
Evoke: Wand              |       |       |     9 |     6 ||    15
  Use: Scroll            |     6 |     4 |     8 |     6 ||    24
       Potion            |       |     1 |       |     2 ||     3
 Stab: Sleeping          |     5 |     3 |     5 |     8 ||    21
       Paralysed         |       |       |     8 |       ||     8
       Distracted        |       |       |     1 |     2 ||     3
Armor: Robe              |     2 |       |       |       ||     2
       Ring mail         |    38 |       |       |       ||    38
       Leather armour    |    17 |    69 |    67 |    37 ||   190
Dodge: Dodged            |   116 |   204 |   218 |   195 ||   733
Block: Other             |       |     4 |    46 |       ||    50
       Reflection        |       |       |     3 |    24 ||    27
       Kite shield       |       |       |   198 |   279 ||   477
       Tower shield      |       |       |       |   131 ||   131

Table legend: (Time is in decaauts)
 A = Elapsed time spent in this place.
 B = Non-inter-level travel time spent in this place.
 C = Inter-level travel time spent in this place.
 D = Time resting spent in this place.
 E = Time spent auto-exploring this place.
 F = Levels seen in this place.
 G = Mean time per level.
                   A        B        C        D        E       F      G
               +--------+--------+--------+--------+--------+-----+--------+
         Total |  15432 |  14775 |    657 |   2458 |   8995 |  14 | 1102.3 |
       Dungeon |  14946 |  14313 |    633 |   2367 |   8748 |  12 | 1245.5 |
        Temple |    103 |     80 |     23 |      0 |     79 |   1 |  103.0 |
         Sewer |    382 |    382 |      0 |     91 |    168 |   1 |  382.0 |
               +--------+--------+--------+--------+--------+-----+--------+

Top non-repeatable levels by time:
     D:6: 2172 daAuts
     D:3: 1604 daAuts
    D:11: 1568 daAuts
     D:4: 1526 daAuts
    D:10: 1418 daAuts
     D:5: 1370 daAuts
     D:9: 1361 daAuts
     D:8: 1333 daAuts
     D:7: 1015 daAuts
     D:1: 866 daAuts
     D:2: 629 daAuts
   Sewer: 382 daAuts
  Temple: 103 daAuts
    D:12: 78 daAuts
